cohdb
Replays
Latest Replays
All Replays
Popular Replays
Top Player Replays
Match Explorer
How It Works
Community
CoH3 Stats
Reddit
Sign in to upload your games and track your stats! →
Sign in with Steam
Match 42969545
Unlisted
Match 42969545
Overview
Messages
Build Orders
End
Construct Infanterie Kompanie
Grenadier Squad
MG 42 Machine Gun Team
Grenadier Squad
Construct Panzergrenadier Kompanie
Selects Breakthrough Battlegroup
Selects Assault Grenadiers
Panzergrenadier Squad
251 Medium Carrier
Pak 40 Anti-tank Gun Team
Selects Breakthrough
Medical Station
Selects Incendiary Bombing Run
Panzergrenadier Squad
Selects 2.5-tonne Cargo Truck
Incendiary Bombing Run
Construct Panzer Kompanie
Grenadier Squad
Incendiary Bombing Run
Selects Blitzkrieg
Panzer IV Medium Tank
Panzergrenadier Squad
Incendiary Bombing Run
Selects Panzer IV Command Tank Sd.Kfz. 161/1
Panzer IV Command Tank
Pioneer Squad
Incendiary Bombing Run
Side Skirts
2.5-tonne Cargo Truck
Panzer IV Medium Tank
MG 42 Bunker
MG 42 Machine Gun Team
251 Medium Carrier
Support Elements
Pak 40 Anti-tank Gun Team
StuG III G Assault Gun
MG 42 Machine Gun Team
Grenadier Squad
Incendiary Bombing Run
Grenadier Squad
Nebelwerfer 42 Rocket Launcher Team
Incendiary Bombing Run
Pak 40 Anti-tank Gun Team
Grenadier Squad
TJ
hypengineer97
苍龙
tamisalex
Little Shit
admiral_gnar
0
0
Comments
sign in to comment!
No comments posted yet!